 Dungeon Sprint DCSS version 0.30-a0-777-ga9a30cbeda (webtiles) character file.

Game seed: 12213117328894968215

30405 sircluck the Executioner (level 13, -11/141 HPs)
             Began as a Hill Orc Fighter on Feb 13, 2023.
             Mangled by a nargun (49 damage)
             ... in the Dungeon (Sprint V: "Ziggurat Sprint") on Feb 14, 2023.
             The game lasted 00:13:52 (1216 turns).

sircluck the Executioner (Hill Orc Fighter)         Turns: 1216, Time: 00:13:52

Health: -11/141    AC: 45    Str: 33    XL:     13   Next: 51%
Magic:  13/13      EV:  4    Int:  8    God:
Gold:   0          SH: 33    Dex: 13    Spells: 12/12 levels left

rFire   . . .      SeeInvis +    T - +16 obsidian axe {drain, demonic, Mesm Drain Fly SInv}
rCold   . . .      Faith    .    V - +18 shield of the Gong {Loud rN+ Will+ rCorr EV-5}
rNeg    + . .      Spirit   .    U - +15 Maxwell's patent armour {-Cast -Tele rElec Will+ rCorr}
rPois   .          Reflect  .    (no helmet)
rElec   +          Harm     .    Q - +2 cloak {rCorr}
rCorr   +          Rampage  .    s - +0 pair of gloves {Dex+3}
Will    ++...      NoTele   +    b - +2 pair of boots {Stlth+} Stlth NoCast +
                                 (no amulet)
HPRegen 0.43/turn                L - +6 ring of strength
MPRegen 0.13/turn                m - ring of No Interval {AC+4 Str+3}

@: flying, mesmerised, studying Staves
A: no striking features
a: no special abilities


You were in the Dungeon.
You visited 1 branch

Inventory:

Hand Weapons
 a - a +0 war axe
 u - a +5 battleaxe
 v - a +5 broad axe
 w - a +6 executioner's axe
 R - the +10 dark maul {heavy}
   (You found it in the Dungeon)
 S - the +27 heavy crossbow "Sniper" {heavy, Acc+∞ SInv}
   (You found it in the Dungeon)

   Acc+∞: It never misses its target.
   SInv:      It lets you see invisible.
 T - the +16 obsidian axe (weapon) {drain, demonic, Mesm Drain Fly SInv}
   (You found it in the Dungeon)

   Mesm:      Its wielder is mesmerised by any visible foes, and it cannot be
   unequipped while any foes are visible.
   SInv:      It lets you see invisible.
   Fly:       It grants you flight.
   Drain:     It drains your maximum health when unequipped.
Armour
 b - a +2 pair of boots of stealth (worn)
 k - a +5 crystal plate armour
 n - +5 ice dragon scales
 q - +5 storm dragon scales
 r - a +3 buckler
 s - a +0 pair of gloves of dexterity (worn)
 t - a +3 tower shield
 Q - a +2 cloak of preservation (worn)
 U - the +15 Maxwell's patent armour (worn) {-Cast -Tele rElec Will+ rCorr}
   (You found it in the Dungeon)

   rElec:     It insulates you from electricity.
   -Cast:     It prevents spellcasting.
   -Tele:     It prevents most forms of teleportation.
   rCorr:     It protects you from acid and corrosion.
   Will:      It increases your willpower.
 V - the +18 shield of the Gong (worn) {Loud rN+ Will+ rCorr EV-5}
   (You found it in the Dungeon)

   Loud:      It is deafeningly noisy when blocking attacks.
   EV:        It affects your evasion (-5).
   rN:        It protects you from negative energy.
   rCorr:     It protects you from acid and corrosion.
   Will:      It increases your willpower.
Jewellery
 c - a +6 ring of strength
 l - a ring of positive energy
 m - the ring of No Interval (right hand) {AC+4 Str+3}
   (You acquired it in the Dungeon)

   [ring of protection]

   AC:        It affects your AC (+4).
   Str:       It affects your strength (+3).
 G - a ring of flight
 H - a +6 ring of dexterity
 I - a +6 ring of dexterity
 J - a +6 ring of intelligence
 K - a +6 ring of intelligence
 L - a +6 ring of strength (left hand)
 M - a +6 ring of strength
Wands
 N - a wand of mindburst (7)
 O - a wand of iceblast (7)
 P - a wand of quicksilver (7)
Scrolls
 j - 4 scrolls of blinking
 y - 7 scrolls of fog
 z - 5 scrolls of identify
 A - 2 scrolls of fear
 W - 7 scrolls of enchant weapon
Potions
 d - 7 potions of might
 e - 6 potions of curing
 f - 5 potions of heal wounds
 g - 6 potions of haste
 h - 7 potions of magic
 i - 3 potions of berserk rage
 B - 2 potions of brilliance
 C - 2 potions of invisibility
 D - 4 potions of resistance
 E - a potion of experience
Miscellaneous
 o - a tin of tremorstones (2/2)
 p - a phantom mirror
 x - a piece from Xom's chessboard (15/15)
 F - a lightning rod (4/4)
 X - a box of beasts
 Y - a piece from Xom's chessboard (15/15)
 Z - a box of beasts


   Skills:
 + Level 20.7 Fighting
 + Level 24.5 Axes
 + Level 16.2 Armour
 + Level 2.8 Dodging
 + Level 5.9 Stealth
 + Level 20.1 Shields


You had 12 spell levels left.
You didn't know any spells.
Your spell library contained the following spells:

 Spells                   Type           Power      Damage    Failure   Level
 Apportation              Tloc           0%         N/A       95%         1
 Necrotise                Necr           0%         1d4       95%         1
 Summon Small Mammal      Summ           0%         N/A       95%         1
 Cigotuvi's Dreadful Rot  Necr/Pois/Air  0%         N/A       99%         2
 Lesser Beckoning         Tloc           0%         N/A       99%         2
 Momentum Strike          Conj/Tloc      0%         3d8       99%         2
 Confusing Touch          Hex            0%         N/A       100%        3
 Ignite Poison            Fire/Tmut/Pois 0%         N/A       100%        3
 Inner Flame              Hex/Fire       0%         N/A       100%        3
 Kindle Blastsparks       Fire/Tloc/Air  0%         2d10      100%        3
 Ozocubu's Armour         Ice            0%         N/A       100%        3
 Summon Guardian Golem    Hex/Summ       0%         N/A       100%        3
 Tukima's Dance           Hex            0%         N/A       100%        3
 Anguish                  Hex/Necr       0%         N/A       100%        4
 Animate Dead             Necr           0%         N/A       100%        4
 Cause Fear               Hex            0%         N/A       100%        4
 Dispel Undead            Necr           0%         3d6       100%        4
 Flame Wave               Conj/Fire      0%         2d4       100%        4
 Fulminant Prism          Conj/Hex       0%         3d5       100%        4
 Iskenderun's Mystic Bla  Conj/Tloc      0%         2d3       100%        4
 Manifold Assault         Tloc           0%         N/A       100%        4
 Passage of Golubria      Tloc           0%         N/A       100%        4
 Alistair's Intoxication  Tmut/Pois      0%         N/A       100%        5
 Blade Hands              Tmut           0%         N/A       100%        5
 Borgnjor's Vile Clutch   Necr/Erth      0%         N/A       100%        5
 Freezing Cloud           Conj/Ice/Air   0%         6-21      100%        5
 Iskenderun's Battlesphe  Conj           0%         2d6       100%        5
 Lee's Rapid Deconstruct  Erth           0%         3d4*      100%        5
 Metabolic Englaciation   Hex/Ice        0%         N/A       100%        5
 Silence                  Hex/Air        0%         N/A       100%        5
 Summon Forest            Summ/Tloc      0%         N/A       100%        5
 Summon Mana Viper        Hex/Summ       0%         N/A       100%        5
 Yara's Violent Unravell  Hex/Tmut       0%         3d3       100%        5
 Dispersal                Tloc           0%         N/A       100%        6
 Eringya's Noxious Bog    Tmut/Pois      0%         N/A       100%        6
 Iron Shot                Conj/Erth      0%         9d1       100%        6
 Dragon Form              Tmut           0%         N/A       100%        7
 Malign Gateway           Summ/Tloc      0%         N/A       100%        7
 Orb of Destruction       Conj           0%         9d5       100%        7
 Ozocubu's Refrigeration  Ice            0%         4d7       100%        7
 Spellforged Servitor     Conj/Summ      0%         N/A       100%        7
 Storm Form               Tmut/Air       0%         N/A       100%        7
 Borgnjor's Revivificati  Necr           0%         N/A       100%        8
 Disjunction              Tloc           0%         N/A       100%        8
 Necromutation            Tmut/Necr      0%         N/A       100%        8
 Death's Door             Necr           0%         N/A       100%        9
 Dragon's Call            Summ           0%         N/A       100%        9


Dungeon Overview and Level Annotations

Branches:
Dungeon (1/1)

Altars:
Ashenzari
Cheibriados
Dithmenos
Elyvilon
Fedhas
Gozag
Hepliaklqana
Kikubaaqudgha
Makhleb
Nemelex Xobeh
Okawaru
Qazlal
Ru
Sif Muna
Trog
Uskayaw
Vehumet
Wu Jian
Xom
Yredelemnul
Zin
The Shining One
Beogh
Jiyva
Lugonu

Annotations:
D 1 transporter


Message History

The azure jelly is engulfed in freezing vapours.
You block the azure jelly's attack.
BONNNG!
You block the azure jelly's attack.
GONNNNG!
You block the azure jelly's attack.
GONNNNG!
The azure jelly hits you but does no damage.
Your soul eater hits the freezing wraith but does no damage.
You block the nargun's attack.
GONNNNG!
The nargun bites you but does no damage.
The ball python simulacrum barely misses your rust devil.
The ball python simulacrum grabs your rust devil.
The ball python simulacrum constricts your rust devil.
The giant cockroach simulacrum bites your rust devil but does no damage.
You slash the frost giant!
The frost giant is lightly wounded.
You hit the wendigo. You carve the azure jelly like a ham!!!
You drain the azure jelly! You hit the nargun but do no damage.
Visions of slaying the frost giant flood into your mind.
The jackal simulacrum bites your rust devil but does no damage.
Your ice devil closely misses the azure jelly.
Your rust devil closely misses the jackal simulacrum.
Your ice devil hits the azure jelly!
Your ice devil freezes the azure jelly!
The azure jelly resists.
The azure jelly dies!
Your rust devil misses the wendigo.
Your soul eater completely misses the frost giant.
You completely miss the frost giant.
The frost giant is lightly wounded.
You hit the nargun but do no damage. You hit the wendigo but do no damage.
You block the wendigo's attack.
PTOANNNG!
You block the wendigo's attack.
GONNNNG!
The nargun hits you but does no damage. The nargun bites you!
* * * LOW HITPOINT WARNING * * *
The nargun freezes you!!!
You die...

▓▓▓▓▓▓▓▓▓
▓....8©8....▓▓.8©8.▓.8
▓..)"):}}|..▓▓..|..▓.)
▓..[))::):..▓▓)....▓..
▓...........▓▓.....▓..
▓.....°.....▓▓.....▓..
▓...WWZZZ...▓▓.....▓..
▓..R9CR4°...▓▓..©..▓..
▓3@.4.▓ ▓▓▓▓▓▓▓▓▓▓
▓▓44.▓▓ ▓..8©8...▓
▓..▓.....▓..▓..[|)...▓
▓.....©.....▓...)....▓
▓▓▓▓▓▓▓▓▓▓▓▓▓........▓
▓....8©8....▓..††....▓
▓..[}[|.)...▓.▓....▓.▓
▓....)=.."..▓...©....▓
▓...........▓▓▓▓▓▓▓▓▓▓


You could see a frost giant (mesmerising, ally target), 2 wendigos, a nargun, 2
freezing wraiths, a ball python simulacrum, a jackal simulacrum (ally target), a
giant cockroach simulacrum, a friendly soul eater (summoned), 2 friendly ice
devils and 2 friendly rust devils.

Vanquished Creatures
  An ancient champion (D)
  2 acid blobs (D)
  An azure jelly (D)
  3 rockslimes (D)
  2 quicksilver elementals (D)
  2 iron dragons (D)
  A frost giant (D)
  A stone giant (D)
  3 war gargoyles (D)
  2 vault guards (D)
  A two-headed ogre (D)
  A crystal echidna (D)
  An orb spider (D)
  A wizard (D)
  2 wolf spiders (D)
  3 black mambas (D)
  A vault sentinel (D)
  A cane toad (D)
  A rime drake (D)
  2 yaktaurs (D)
  A tormentor (D)
  3 trolls (D)
  3 tarantellas (D)
  4 jumping spiders (D)
  2 slime creatures (D)
  3 yaks (D)
  3 fire elementals (D)
  A naga (D)
  A water moccasin (D)
  4 orc warriors (D)
  A black bear (D)
  3 phantoms (D)
  3 scorpions (D)
  A crimson imp (D)
  2 jellies (D)
  An orc priest (D)
  2 iron imps (D)
  2 orc wizards (D)
  2 adders (D)
  An endoplasm (D)
  A ball python (D)
  A bat simulacrum (D)
77 creatures vanquished.

Vanquished Creatures (collateral kills)
  An azure jelly (D)
  A stone giant (D)
  2 hydras (D)
  A catoblepas (D)
  2 two-headed ogres (D)
  A glowing orange brain (D)
  A yaktaur (D)
  A troll (D)
  A slime creature (D)
  A naga (D)
  2 orc warriors (D)
  An ogre (D)
  A wolf (D)
  A scorpion (D)
  4 orc priests (D)
  An orc wizard (D)
  An orc (D)
  A bat zombie (D)
  A bat simulacrum (D)
25 creatures vanquished.

Vanquished Creatures (others)
  An ufetubus (D)
  A ball python simulacrum (D)
  A quokka simulacrum (D)
3 creatures vanquished.

Grand Total: 105 creatures vanquished

Notes
Turn   | Place    | Note
-------+----------+-------------------------------------------
     0 | D        | sircluck the Hill Orc Fighter began the quest for the Orb.
     0 | D        | Reached XP level 1. HP: 19/19 MP: 1/1
     3 | D        | Found a blossoming altar of Fedhas.
     3 | D        | Found the +6 Majin-Bo {spellvamp, MP+6 Int+6}
     3 | D        | Found the +27 heavy crossbow "Sniper" {heavy, Acc+∞ SInv}
     3 | D        | Found the +10 dark maul {heavy}
     3 | D        | Found the +15 Maxwell's patent armour {-Cast -Tele rElec
                  | Will+ rCorr}
     3 | D        | Found the +18 shield of the Gong {Loud rN+ Will+ rCorr
                  | EV-5}
     3 | D        | Found the +16 obsidian axe {drain, demonic, Mesm Drain Fly
                  | SInv}
     3 | D        | Found the +7 great mace "Firestarter" {flame, inner flame,
                  | rFlCloud rF++}
     3 | D        | Found the +6 shillelagh "Devastator" {shatter}
     3 | D        | Found the +11 plutonium sword {Contam Stlth-}
     3 | D        | Found the +8 lance "Wyrmbane" {slay drac, rPois rF+ rC+
                  | AC+3}
     3 | D        | Found the +9 sword of Zonguldrok {reap}
     3 | D        | Found the +13 scythe of Curses {drain, curses, Drain}
     3 | D        | Found the +9 sword of Power {lifebolt}
     3 | D        | Found the +7 mace of Variability {chaos, chain chaos}
     3 | D        | Found the +11 Singing Sword {sonic wave}
     3 | D        | Found the +8 storm bow {elec, penet}
     5 | D        | Found a viscous altar of Jiyva.
     5 | D        | Found a hazy altar of Hepliaklqana.
     5 | D        | Found a transporter.
     5 | D        | Found an opulent altar of Gozag.
     5 | D        | Found an ancient bone altar of Kikubaaqudgha.
     5 | D        | Found a corrupted altar of Lugonu.
    19 | D        | Found a burning altar of Makhleb.
    20 | D        | Found a sacrificial altar of Ru.
    20 | D        | Found a shimmering blue altar of Sif Muna.
    20 | D        | Found a stormy altar of Qazlal.
    20 | D        | Found a bloodstained altar of Trog.
    20 | D        | Found an iron altar of Okawaru.
    20 | D        | Found a sparkling altar of Nemelex Xobeh.
    89 | D        | Entered arena 2.
    89 | D        | Found the +12 glaive of Prune {freeze, Prune}
    89 | D        | Noticed a tarantella
    89 | D        | Noticed a scorpion
    89 | D        | Found a transporter.
    92 | D        | Killed a scorpion
    93 | D        | Reached skill level 5 in Fighting
    93 | D        | Reached skill level 4 in Axes
    93 | D        | Reached skill level 5 in Armour
    93 | D        | Reached skill level 5 in Shields
    93 | D        | Reached XP level 2. HP: 29/30 MP: 2/2
    93 | D        | Reached XP level 3. HP: 36/37 MP: 3/3
    93 | D        | Reached XP level 4. HP: 43/44 MP: 4/4
    96 | D        | Killed a tarantella
    97 | D        | Reached skill level 7 in Axes
    97 | D        | Reached XP level 5. HP: 49/56 MP: 5/5
    97 | D        | Reached XP level 6. HP: 55/62 MP: 6/6
   115 | D        | Entered arena 3.
   115 | D        | Noticed a fire elemental
   115 | D        | Noticed a fire elemental
   115 | D        | Noticed a fire elemental
   115 | D        | Found a transporter.
   117 | D        | Killed a fire elemental
   118 | D        | Reached skill level 8 in Axes
   120 | D        | Killed a fire elemental
   121 | D        | Reached skill level 10 in Fighting
   121 | D        | Reached skill level 9 in Axes
   121 | D        | Reached XP level 7. HP: 35/72 MP: 7/7
   121 | D        | Killed a fire elemental
   127 | D        | Got Wihafemo's Almanac of Superposition
   132 | D        | Entered arena 4.
   132 | D        | Found a transporter.
   136 | D        | Reached skill level 10 in Axes
   136 | D        | Reached skill level 10 in Armour
   139 | D        | Reached skill level 10 in Shields
   139 | D        | Reached XP level 8. HP: 41/82 MP: 8/8
   159 | D        | Entered arena 5.
   159 | D        | Noticed a tarantella
   159 | D        | Noticed a tarantella
   159 | D        | Noticed a jumping spider
   159 | D        | Found a transporter.
   164 | D        | Reached skill level 11 in Axes
   164 | D        | Killed a tarantella
   166 | D        | Killed a tarantella
   167 | D        | Reached skill level 12 in Axes
   173 | D        | Killed a jumping spider
   174 | D        | Reached skill level 13 in Axes
   214 | D        | Entered arena 6.
   214 | D        | Noticed an orb spider
   214 | D        | Found a transporter.
   231 | D        | Killed an orb spider
   232 | D        | Reached skill level 14 in Axes
   232 | D        | Reached XP level 9. HP: 73/91 MP: 9/9
   242 | D        | Entered arena 7.
   242 | D        | Noticed a black mamba
   243 | D        | Found a transporter.
   247 | D        | Killed a black mamba
   248 | D        | Reached skill level 15 in Axes
   253 | D        | Reached skill level 16 in Axes
   258 | D        | Got the Directory of Nonlocality
   260 | D        | Got Qonu Qieza's Improving Your Theurgy
   266 | D        | Entered arena 8.
   267 | D        | Found a transporter.
   347 | D        | Entered arena 9.
   347 | D        | Noticed a wolf spider
   347 | D        | Noticed a wolf spider
   348 | D        | Found a transporter.
   351 | D        | Killed a wolf spider
   352 | D        | Reached skill level 17 in Axes
   352 | D        | Reached XP level 10. HP: 101/101 MP: 10/10
   357 | D        | Reached skill level 1 in Dodging
   357 | D        | Killed a wolf spider
   358 | D        | Reached skill level 1 in Stealth
   360 | D        | Reached skill level 18 in Axes
   376 | D        | Entered arena 10.
   376 | D        | Found the +5 Lochaber axe {reach-cleave, Poleaxe Drain}
   376 | D        | Noticed a vault sentinel
   376 | D        | Noticed a vault guard
   376 | D        | Noticed a vault guard
   376 | D        | Noticed a wizard
   377 | D        | Found a transporter.
   380 | D        | Killed a wizard
   382 | D        | Killed a vault guard
   383 | D        | Killed a vault sentinel
   384 | D        | Reached skill level 19 in Axes
   387 | D        | Killed a vault guard
   388 | D        | Reached skill level 15 in Fighting
   388 | D        | Reached XP level 11. HP: 83/112 MP: 11/11
   390 | D        | Reached skill level 20 in Axes
   419 | D        | Entered arena 11.
   420 | D        | Found a transporter.
   439 | D        | Got the Spellbook of Charming Vapour
   444 | D        | Got the Incunabulum of the Curse
   472 | D        | Acquired the ring of No Interval {AC+4 Str+3}
   482 | D        | Entered arena 12.
   482 | D        | Found the +10 Black Knight's barding {ponderous, rPois rN+}
   482 | D        | Found the +1 cloak of Starlight {*Dazzle EV+4 Stlth--}
   482 | D        | Noticed a war gargoyle
   482 | D        | Noticed a crystal echidna
   482 | D        | Noticed a quicksilver elemental
   482 | D        | Noticed an iron dragon
   482 | D        | Noticed a war gargoyle
   482 | D        | Noticed an ancient champion
   483 | D        | Noticed a war gargoyle
   483 | D        | Noticed an iron dragon
   483 | D        | Noticed a quicksilver elemental
   487 | D        | Killed a war gargoyle
   491 | D        | Killed a war gargoyle
   500 | D        | Killed an ancient champion
   500 | D        | Killed an iron dragon
   501 | D        | Reached skill level 21 in Axes
   501 | D        | Reached skill level 15 in Shields
   501 | D        | Killed an iron dragon
   504 | D        | Killed a war gargoyle
   504 | D        | Killed a quicksilver elemental
   510 | D        | Killed a crystal echidna
   511 | D        | Reached XP level 12. HP: 33/125 MP: 2/12
   511 | D        | Found a transporter.
   512 | D        | Killed a quicksilver elemental
   513 | D        | Reached skill level 22 in Axes
   529 | D        | Got Usesm's Cyclopedia of Space and Intoxication
   544 | D        | Entered arena 13.
   544 | D        | Noticed a frost giant
   544 | D        | Noticed a stone giant
   544 | D        | Noticed a two-headed ogre
   544 | D        | Noticed a two-headed ogre
   544 | D        | Noticed a two-headed ogre
   545 | D        | Noticed a stone giant
   546 | D        | Found a transporter.
   549 | D        | HP: 5/127 [frost giant/bolt of cold (22)]
   553 | D        | Killed a stone giant
   555 | D        | Killed a frost giant
   555 | D        | Killed a two-headed ogre
   556 | D        | Killed a two-headed ogre
   559 | D        | Killed a two-headed ogre
   563 | D        | HP: 5/128 [stone giant (11)]
   564 | D        | Killed a stone giant
   565 | D        | Reached skill level 23 in Axes
   581 | D        | Got the Annotations on the Compass
   619 | D        | Entered arena 14.
   965 | D        | Noticed an acid blob
   965 | D        | Noticed a rockslime
   965 | D        | Noticed a rockslime
   965 | D        | Noticed an azure jelly
   966 | D        | Noticed an acid blob
   966 | D        | Noticed a rockslime
   967 | D        | Found a transporter.
   975 | D        | Killed a rockslime
   977 | D        | Killed a rockslime
   978 | D        | Reached skill level 15 in Armour
   978 | D        | Killed an azure jelly
   978 | D        | Killed an acid blob
   979 | D        | Reached XP level 13. HP: 79/139 MP: 13/13
   980 | D        | Killed a rockslime
   982 | D        | Killed an acid blob
   983 | D        | Reached skill level 24 in Axes
  1015 | D        | Entered arena 15.
  1146 | D        | Found a transporter.
  1151 | D        | Reached skill level 5 in Stealth
  1171 | D        | Got the Incunabulum of Unified Composition
  1208 | D        | Entered arena 16.
  1209 | D        | Noticed a frost giant
  1209 | D        | Noticed a wendigo
  1209 | D        | Noticed an azure jelly
  1209 | D        | Noticed a nargun
  1209 | D        | Noticed a wendigo
  1213 | D        | Found a transporter.
  1213 | D        | Paralysed by a wendigo for 1 turns
  1215 | D        | Killed an azure jelly
  1216 | D        | Mangled by a nargun

Illustrated notes

Levels and vault maps discovered:
D:        sprint_v [room_start, room_1, room_2, room_3, room_4, room_5, room_6,
          room_7, room_8, room_9, room_10, room_11, room_12, room_13, room_14,
          room_15, room_16, room_17, room_18, room_19, room_20, room_21,
          room_22, room_23, room_24, room_25, room_26, room_27]

Skill      XL: |  1  2  3  4  5  6  7  8  9 10 11 12 13 |
---------------+----------------------------------------+-----
Fighting       | 5 8 10 11 12 13 15 17 19 20 | 20.7
Axes           | 4 7 9 10 14 17 19 21 23 24 | 24.5
Armour         | 5 7 9 10 11 12 13 15 16 | 16.2
Shields        | 5 7 9 10 11 12 13 16 18 20 | 20.1
Dodging        | 1 2 |  2.8
Stealth        | 3 4 5 |  5.9

Action                     |  1- 3 |  4- 6 |  7- 9 | 10-12 | 13-15 || total
---------------------------+-------+-------+-------+-------+-------++-------
  Melee: Broad axe         |     3 |     8 |    31 |    62 |    21 ||   125
    Use: Potion            |       |       |     1 |    12 |       ||    13
         Scroll            |       |       |       |     2 |       ||     2
   Stab: Distracted        |       |       |       |     2 |       ||     2
         Petrified         |       |       |       |       |     5 ||     5
         Petrifying        |       |       |       |       |     3 ||     3
 Armour: Crystal plate arm |     5 |     8 |    18 |       |       ||    31
         Plate armour      |       |       |     8 |    75 |    33 ||   116
  Dodge: Dodged            |       |     1 |     1 |    14 |     7 ||    23
  Block: Tower shield      |     6 |     8 |    18 |       |       ||    32
         Kite shield       |       |       |    25 |   132 |    48 ||   205

Table legend: (Time is in decaauts)
 A = Elapsed time spent in this place.
 B = Non-inter-level travel time spent in this place.
 C = Inter-level travel time spent in this place.
 D = Time resting spent in this place.
 E = Time spent auto-exploring this place.
 F = Levels seen in this place.
 G = Mean time per level.
                   A        B        C        D        E       F      G
               +--------+--------+--------+--------+--------+-----+--------+
         Total |   1206 |   1199 |      7 |    463 |     38 |   1 | 1206.0 |
       Dungeon |   1206 |   1199 |      7 |    463 |     38 |   1 | 1206.0 |
               +--------+--------+--------+--------+--------+-----+--------+

Top non-repeatable levels by time:
       D: 1206 daAuts
